 Dungeon Crawl Stone Soup version 0.26-a0-291-g3d11bbfad5 (webtiles) character file.

Game seed: 5820462488909037529

39 BritishOli the Skirmisher (level 3, -1/29 HPs)
             Began as a Demonspawn Fighter on July 14, 2020.
             Slain by a sky beast (3 damage)
             ... on level 1 of the Dungeon.
             The game lasted 00:01:07 (1692 turns).

BritishOli the Skirmisher (Demonspawn Fighter)      Turns: 1692, Time: 00:01:09

Health: -1/29      AC:  6    Str: 17    XL:     3   Next: 28%
Magic:  0/3        EV:  7    Int:  9    God:
Gold:   38         SH:  9    Dex: 12    Spells: 2/2 levels left

rFire    . . .     SeeInvis .   a - +0 long sword
rCold    . . .     Faith    .   c - +0 kite shield
rNeg     . . .     Spirit   +   b - +0 scale mail
rPois    .         Reflect  .   (no helmet)
rElec    .         Harm     .   (no cloak)
rCorr    .                      (no gloves)
MR       .....                  (no boots)
Stlth    ..........             (no amulet)
HPRegen  0.09/turn              (no ring)
MPRegen  0.08/turn              (no ring)

@: no status effects
A: talons 1, magic shield
a: no special abilities


You were on level 1 of the Dungeon.
You visited 1 branch of the dungeon, and saw 2 of its levels.

You collected 38 gold pieces.

Inventory:

Hand Weapons
 a - a +0 long sword (weapon)
Armour
 b - a +0 scale mail (worn)
 c - a +0 kite shield (worn)
Scrolls
 f - a scroll of teleportation {unknown}
Potions
 d - a potion of might
 e - a potion of invisibility {unknown}
 g - a potion of mutation {unknown}


   Skills:
 + Level 3.4 Fighting
 + Level 2.2 Long Blades
 + Level 3.0 Armour
 + Level 3.1 Shields


You had 2 spell levels left.
You didn't know any spells.
Your spell library was empty.

Dungeon Overview and Level Annotations

Branches:
Dungeon (2/15)

Altars:


Innate Abilities, Weirdness & Mutations

You have sharp toenails.
When hurt, damage is shared between your health and your magic reserves.


Message History

You closely miss the sky beast. You claw the sky beast.
The sky beast is moderately wounded.
The sky beast hits you but does no damage.
You slash the sky beast! Your kick misses the sky beast.
The sky beast is severely wounded.
You block the sky beast's attack.
You hit the sky beast.
The sky beast is almost dead.
The sky beast hits you but does no damage.
You block the sky beast's attack.
You hit the sky beast.
The sky beast is almost dead.
The sky beast hits you but does no damage.
You hit the sky beast but do no damage.
You claw the sky beast, but do no damage.
The sky beast is almost dead.
The sky beast hits you.
* * * LOW HITPOINT WARNING * * *
The sky beast shocks you.
You die...

##########
#.........
#.#######. ### #.#
#. ##.######.# #.
##@........# #.
#########(#Y######.#
#. #...........# #.#
#. #.#.........#
#.#######.
#####.##.###...##
#.........
#.....)..# #..##
##.##.###.
#.###.#### #..#
#.##.# #. #.# #.#
#..# #####.##.###.
#.# #.######..##
#............


You could see a sky beast.

Vanquished Creatures
  An adder (D:2)
  A dart slug (D:1)
  2 leopard geckos (D:1)
  2 giant cockroaches (D:1)
  4 goblins (D:1)
  4 hobgoblins (D:1)
  2 jackals (D:1)
  2 bats (D:1)
  3 frilled lizards (D:1)
  2 kobolds (D:1)
  3 rats (D:1)
26 creatures vanquished.

Notes
Turn   | Place    | Note
-------+----------+-------------------------------------------
     0 | D:1      | BritishOli the Demonspawn Fighter began the quest for the
                  | Orb.
     0 | D:1      | Reached XP level 1. HP: 18/18 MP: 1/1
   379 | D:1      | Gained mutation: When hurt, damage is shared between your
                  | health and your magic reserves. [demonic ancestry]
   379 | D:1      | Reached XP level 2. HP: 23/24 MP: 2/2
  1198 | D:1      | Gained mutation: You have sharp toenails. [demonic
                  | ancestry]
  1198 | D:1      | Reached XP level 3. HP: 29/29 MP: 3/3
  1666 | D:2      | Noticed a sky beast
  1692 | D:1      | Slain by a sky beast

Illustrated notes

Levels and vault maps discovered:
D:1:      shiori_arrival_elements, layout_loops_corners, grunt_decor_cap
D:2:      layout_loops_ring

Skill      XL: |  1  2 |
---------------+-------+-----
Long Blades    | 2 |  2.2
Shields        | 3 |  3.1
Armour         | 3 |  3.0
Fighting       | |  3.4

Action                   || total
-------------------------++-------
Melee: Long sword        ||   126
       Kick              ||     5
Armor: Scale mail        ||    69
Dodge: Dodged            ||    44
Block: Kite shield       ||    64
       Rpst.: Long sword ||    15

Table legend:
 A = Non-vault XP
 B = Vault XP
 C = Vault XP percentage of total XP
 D = Non-vault monster count
 E = Vault monster count
 F = Vault count percentage of total count
                 A         B        C        D         E       F
            +---------+---------+-------+---------+---------+-------
      Total |      57 |       0 |   0.0 |      26 |       0 |   0.0
            +---------+---------+-------+---------+---------+-------
        D:1 |      44 |       0 |   0.0 |      25 |       0 |   0.0
        D:2 |      13 |       0 |   0.0 |       1 |       0 |   0.0
            +---------+---------+-------+---------+---------+-------
